Workbook
Name Construction_Manager: '[1]2024 EWP Re-Forecast'!$AM$6:$AM$330
Name d: 'VRZ ICM Threshold Actual PC2025'!$E$51
Name d: 'WRZ ICM Threshold Actual PC2025'!$E$51
Name d: '[2]VRZ ICM Threshold 2025 PCI'!$E$51
Name Electrical_Const_DRP: '[1]2024 EWP Re-Forecast'!$AN$6:$AN$330
Name g: 'VRZ ICM Threshold Actual PC2025'!$E$20
Name g: 'WRZ ICM Threshold Actual PC2025'!$E$20
Name g: '[2]VRZ ICM Threshold 2025 PCI'!$E$20
Name PCI: 'VRZ ICM Threshold Actual PC2025'!$E$16
Name PCI: 'WRZ ICM Threshold Actual PC2025'!$E$16
Name PCI: '[2]VRZ ICM Threshold 2025 PCI'!$E$16
Name PLT_Hrs: '[1]2024 EWP Re-Forecast'!$AJ$6:$AJ$330
Name RB: 'VRZ ICM Threshold Actual PC2025'!$E$49
Name RB: 'WRZ ICM Threshold Actual PC2025'!$E$49
Name RB: '[2]VRZ ICM Threshold 2025 PCI'!$E$49
Name Work_Center: '[1]2024 EWP Re-Forecast'!$AI$6:$AI$330

Sheet CCC-4-b
A1: Source | B1: 2015 | C1: 2016 | D1: 2017 | E1: 2018 | F1: 2019 | G1: 2020 | H1: 2021 | I1: 2022 | J1: 2023 | K1: 2024 | L1: 2025 | M1: 2026 | N1: 2027
A2: Legacy Utilities Combined ICM Based Estimate of Capex in Rates | B2: ='WRZ ICM Threshold Actual PC2025'!E78+'VRZ ICM Threshold Actual PC2025'!E72 -> 22408260 | C2: ='WRZ ICM Threshold Actual PC2025'!E79+'VRZ ICM Threshold Actual PC2025'!E73 -> 24176818 | D2: ='WRZ ICM Threshold Actual PC2025'!E80+'VRZ ICM Threshold Actual PC2025'!E74 -> 23711809 | E2: ='WRZ ICM Threshold Actual PC2025'!E81+'VRZ ICM Threshold Actual PC2025'!E75 -> 21219572 | F2: ='WRZ ICM Threshold Actual PC2025'!E82+'VRZ ICM Threshold Actual PC2025'!E76 -> 22345825 | G2: ='WRZ ICM Threshold Actual PC2025'!E83+'VRZ ICM Threshold Actual PC2025'!E77 -> 24237757 | H2: ='WRZ ICM Threshold Actual PC2025'!E84+'VRZ ICM Threshold Actual PC2025'!E78 -> 25156499 | I2: ='WRZ ICM Threshold Actual PC2025'!E85+'VRZ ICM Threshold Actual PC2025'!E79 -> 29487173 | J2: ='WRZ ICM Threshold Actual PC2025'!E86+'VRZ ICM Threshold Actual PC2025'!E80 -> 31826180 | K2: ='WRZ ICM Threshold Actual PC2025'!E87+'VRZ ICM Threshold Actual PC2025'!E81 -> 36903191 | L2: ='WRZ ICM Threshold Actual PC2025'!E88+'VRZ ICM Threshold Actual PC2025'!E82 -> 32920450 | M2: ='WRZ ICM Threshold Actual PC2025'!E89+'VRZ ICM Threshold Actual PC2025'!E83 -> 30962399 | N2: ='WRZ ICM Threshold Actual PC2025'!E90+'VRZ ICM Threshold Actual PC2025'!E84 -> 31476452
A5: Legacy Utilities Combined ICM Based Estimate of Capex in Rates vs Actual Capital Spend 2020-2026
A6: Source | B6: 2020 | C6: 2021 | D6: 2022 | E6: 2023 | F6: 2024 | G6: 2025 | H6: 2026 | I6: Total
A7: Legacy Utilities Combined ICM Based Estimate of Capex in Rates | B7: =G2 -> 24237757 | C7: =H2 -> 25156499 | D7: =I2 -> 29487173 | E7: =J2 -> 31826180 | F7: =K2 -> 36903191 | G7: =L2 -> 32920450 | H7: =M2 -> 30962399 | I7: =SUM(B7:H7) -> 2.1149365e+08
A8: Actual Elexicon Capital Spend | B8: 35190386 | C8: 53425261 | D8: 78409173 | E8: 52545344 | F8: 68874028 | G8: 59751811 | H8: 77199088 | I8: =SUM(B8:H8) -> 4.2539509e+08
A9: Variance | B9: =B7-B8 -> -10952629 | C9: =C7-C8 -> -28268762 | D9: =D7-D8 -> -48922000 | E9: =E7-E8 -> -20719163 | F9: =F7-F8 -> -31970838 | G9: =G7-G8 -> -26831361 | H9: =H7-H8 -> -46236689 | I9: =SUM(B9:H9) -> -2.1390144e+08

Sheet CCC-4-c
A1: Part C , ii Calculation
A4: Legacy Utilities Combined ICM Based Estimate of Capex in Rates from Last COS Escalated by PCI vs Actual Capital Spend
A5: Source | B5: 2010 | C5: 2011 | D5: 2012 | E5: 2013 | F5: 2014 | G5: 2015 | H5: 2016 | I5: 2017 | J5: 2018 | K5: 2019 | L5: 2020 | M5: 2021 | N5: 2022 | O5: 2023 | P5: 2024 | Q5: 2025 | R5: 2026 | S5: Total 2020-2026
A6: PCI WRZ | D6: 0.0058 | E6: 0.0108 | F6: 0.014 | G6: 0.013 | H6: 0.018 | I6: 0.016 | J6: 0.006 | K6: 0.009 | L6: 0.014 | M6: 0.016 | N6: 0.027 | O6: 0.034 | P6: 0.045 | Q6: 0.033 | R6: 0.034
A7: PCI VRZ | G7: 0.013 | H7: 0.018 | I7: 0.016 | J7: 0.009 | K7: 0.012 | L7: 0.017 | M7: 0.019 | N7: 0.03 | O7: 0.034 | P7: 0.045 | Q7: 0.033 | R7: 0.034
A8: Growth WRZ | D8: 0.0119 | E8: 0.0119 | F8: 0.0119 | G8: 0.0119 | H8: 0.0119 | I8: 0.0119 | J8: 0.0119 | K8: 0.0119 | L8: 0.0119 | M8: 0.0119 | N8: 0.0119 | O8: 0.0119 | P8: 0.0119 | Q8: 0.0119 | R8: 0.0119
A9: Growth VRZ | G9: 0.0052 | H9: 0.0052 | I9: 0.0052 | J9: 0.0052 | K9: 0.0052 | L9: 0.0052 | M9: 0.0052 | N9: 0.0052 | O9: 0.0052 | P9: 0.0052 | Q9: 0.0052 | R9: 0.0052
A10: Whitby Rate Zone 2010 Capital Revenue Rqmt Escalated by PCI | B10: 11317749 | C10: =B10 -> 11317749 | D10: =C10*(1+D6+D8) -> 11518073 | E10: =D10*(1+E6+E8) -> 11779533 | F10: =E10*(1+F6+F8) -> 12084623 | G10: =F10*(1+G6+G8) -> 12385530 | H10: =G10*(1+H6+H8) -> 12755858 | I10: =H10*(1+I6+I8) -> 13111746 | J10: =I10*(1+J6+J8) -> 13346447 | K10: =J10*(1+K6+K8) -> 13625387 | ... R10: =Q10*(1+R6+R8) -> 18032978 | S10: =SUM(L10:R10) -> 1.1066141e+08
A11: Veridian Rate Zone 2014 Capital Revenue Rqmt Escalated by PCI | F11: 27573789 | G11: =F11*(1+G7+G9) -> 28075632 | H11: =G11*(1+H7+H9) -> 28726987 | I11: =H11*(1+I7+I9) -> 29335999 | J11: =I11*(1+J7+J9) -> 29752570 | K11: =J11*(1+K7+K9) -> 30264314 | L11: =K11*(1+L7+L9) -> 30936182 | M11: =L11*(1+M7+M9) -> 31684837 | N11: =M11*(1+N7+N9) -> 32800144 | ... R11: =Q11*(1+R7+R9) -> 38621315 | S11: =SUM(L11:R11) -> 2.4108988e+08
A12: Legacy Utilities Combined Last COS CRR Escalated by PCI | B12: =B10+B11 -> 11317749 | C12: =C10+C11 -> 11317749 | D12: =D10+D11 -> 11518073 | E12: =E10+E11 -> 11779533 | F12: =F10+F11 -> 39658412 | G12: =G10+G11 -> 40461162 | H12: =H10+H11 -> 41482844 | I12: =I10+I11 -> 42447745 | ... R12: =R10+R11 -> 56654293 | S12: =SUM(L12:R12) -> 3.5175128e+08

Sheet WRZ ICM Threshold Actual PC2025
H3: NOTES and SOURCES
H4: 1. Basis for Growth Factor for WRZ is the 2025 OEB ACM/ICM Excel Workbook.
H5: 2. WRZ ICM Threshold Actual PC2025 Worksheet is extracted from 2025 OEB ACM/ICM Excel Workbook for VRZ Rate Zone. (i.e. Tab 8 Threshold Test)
A8: No Input Required.
C9: Final Materiality Threshold Calculation
C13: Cost of Service Rebasing Year | E13: 2011
C14: Price Cap IR Year in which Application is made | E14: 14
C16: Price Cap Index | E16: N/A
C17: Growth Factor Calculation
C18: ='[3]1. Information Sheet'!F48 -> Revenues Based on 2023 Actual Distribution Demand | E18: ='[3]4. Growth Factor - NUM_CALC2'!N23 -> 26982823
C19: ='[3]1. Information Sheet'!F49 -> Revenues Based on 2011 Board-Approved Distribution Demand | E19: ='[3]6. Growth Factor - DEN_CALC'!N23 -> 23602558
C20: Growth Factor | E20: =((E18/E19)-1)/12 -> 0.011934669
C21: Dead Band | E21: 0.1
C22: Average Net Fixed Assets
C23: Gross Fixed Assets Opening | E23: 129145318
C24: Add: CWIP Opening | E24: 0
C25: Capital Additions | E25: 0
C26: Capital Disposals | E26: 0
C27: Capital Retirements | E27: 0
C28: Deduct: CWIP Closing | E28: 0
C29: Gross Fixed Assets - Closing | E29: 129145318
C31: Average Gross Fixed Assets | E31: =(E23+E29)/2 -> 129145318
C33: Accumulated Depreciation - Opening | E33: 64061997
C34: Depreciation Expense | E34: 4800644
C35: Disposals | E35: 0
C36: Retirements | E36: 0
C37: Accumulated Depreciation - Closing | E37: 68862641
C39: Average Accumulated Depreciation | E39: =(E33+E37)/2 -> 66462319
C41: Average Net Fixed Assets | E41: =E31-E39 -> 62682999
C44: Working Capital Allowance
C45: Working Capital Allowance Base | E45: 87235651
C46: Working Capital Allowance Rate | E46: 0.15
C47: Working Capital Allowance | E47: =E45*E46 -> 13085348
C49: Rate Base | E49: =E41+E47 -> 75768347 | L49: Threshold Value (%) = 1 +(A * B) + 10%
C51: Depreciation | E51: =E34 -> 4800644
C53: Threshold Value (varies by Price Cap IR Year subsequent to CoS rebasing) | F53: Actual Annual Price Cap Index | J53: A | K53: B | L53: No-Dead Band Threshold Value (%) = 1 + (A*B)
C54: Price Cap IR Year 2012 | E54: =L54 -> 1.280998 | F54: 0.0058 | J54: =(RB/d)*(g+F54*(1+g)) -> 0.280998 | K54: 1 | L54: =1+J54*K54 -> 1.280998
C55: Price Cap IR Year 2013 | E55: =L55 -> 1.3672792 | F55: 0.0108 | J55: =(RB/d)*(g+F55*(1+g)) -> 0.36085459 | K55: =K54*((1+g)*(1+F54)) -> 1.0178039 | L55: =1+J55*K55 -> 1.3672792
C56: Price Cap IR Year 2014 | E56: =L56 -> 1.428884 | F56: 0.014 | J56: =(RB/d)*(g+F56*(1+g)) -> 0.41196281 | K56: =K55*((1+g)*(1+F55)) -> 1.0410745 | L56: =1+J56*K56 -> 1.428884
C57: Price Cap IR Year 2015 | E57: =L57 -> 1.4230173 | F57: 0.013 | J57: =(RB/d)*(g+F57*(1+g)) -> 0.39599149 | K57: =K56*((1+g)*(1+F56)) -> 1.0682484 | L57: =1+J57*K57 -> 1.4230173
C58: Price Cap IR Year 2016 | E58: =L58 -> 1.5210777 | F58: 0.018 | H58: Geometric Mean (2012 to 2026) | J58: =(RB/d)*(g+F58*(1+g)) -> 0.47584809 | K58: =K57*((1+g)*(1+F57)) -> 1.0950505 | L58: =1+J58*K58 -> 1.5210777
C59: Price Cap IR Year 2017 | E59: =L59 -> 1.5007545 | F59: 0.016 | J59: =(RB/d)*(g+F59*(1+g)) -> 0.44390545 | K59: =K58*((1+g)*(1+F58)) -> 1.1280658 | L59: =1+J59*K59 -> 1.5007545
C60: Price Cap IR Year 2018 | E60: =L60 -> 1.3296043 | F60: 0.006 | H60: =GEOMEAN(F54:F68) -> 0.016255214 | J60: =(RB/d)*(g+F60*(1+g)) -> 0.28419226 | K60: =K59*((1+g)*(1+F59)) -> 1.1597933 | L60: =1+J60*K60 -> 1.3296043
C61: Price Cap IR Year 2019 | E61: =L61 -> 1.3921101 | F61: 0.009 | J61: =(RB/d)*(g+F61*(1+g)) -> 0.33210622 | K61: =K60*((1+g)*(1+F60)) -> 1.1806769 | L61: =1+J61*K61 -> 1.3921101
C62: Price Cap IR Year 2020 | E62: =L62 -> 1.4966297 | F62: 0.014 | J62: =(RB/d)*(g+F62*(1+g)) -> 0.41196281 | K62: =K61*((1+g)*(1+F61)) -> 1.2055208 | L62: =1+J62*K62 -> 1.4966297
C63: Price Cap IR Year 2021 | E63: =L63 -> 1.5491053 | F63: 0.016 | J63: =(RB/d)*(g+F63*(1+g)) -> 0.44390545 | K63: =K62*((1+g)*(1+F62)) -> 1.236987 | L63: =1+J63*K63 -> 1.5491053
C64: Price Cap IR Year 2022 | E64: =L64 -> 1.7879809 | F64: 0.027 | J64: =(RB/d)*(g+F64*(1+g)) -> 0.61958996 | K64: =K63*((1+g)*(1+F63)) -> 1.271778 | L64: =1+J64*K64 -> 1.7879809
C65: Price Cap IR Year 2023 | E65: =L65 -> 1.9666801 | F65: 0.034 | J65: =(RB/d)*(g+F65*(1+g)) -> 0.73138919 | K65: =K64*((1+g)*(1+F64)) -> 1.3217041 | L65: =1+J65*K65 -> 1.9666801
C66: Price Cap IR Year 2024 | E66: =L66 -> 2.2544398 | F66: 0.045 | J66: =(RB/d)*(g+F66*(1+g)) -> 0.9070737 | K66: =K65*((1+g)*(1+F65)) -> 1.3829524 | L66: =1+J66*K66 -> 2.2544398
C67: Price Cap IR Year 2025 | E67: =L67 -> 2.0462508 | F67: 0.033 | J67: =(RB/d)*(g+F67*(1+g)) -> 0.71541787 | K67: =K66*((1+g)*(1+F66)) -> 1.4624331 | L67: =1+J67*K67 -> 2.0462508
C68: Price Cap IR Year 2026 | E68: =L68 -> 1.9471814 | F68: 0.027 | J68: =(RB/d)*(g+F68*(1+g)) -> 0.61958996 | K68: =K67*((1+g)*(1+F67)) -> 1.528723 | L68: =1+J68*K68 -> 1.9471814
C69: Price Cap IR Year 2027 | E69: =L69 -> 1.9843649 | F69: =F68 -> 0.027 | J69: =(RB/d)*(g+F69*(1+g)) -> 0.61958996 | K69: =K68*((1+g)*(1+F68)) -> 1.588736 | L69: =1+J69*K69 -> 1.9843649
C70: Price Cap IR Year 2028 | E70: =L70 -> 2.023008 | F70: =F69 -> 0.027 | J70: =(RB/d)*(g+F70*(1+g)) -> 0.61958996 | K70: =K69*((1+g)*(1+F69)) -> 1.6511048 | L70: =1+J70*K70 -> 2.023008
C71: Price Cap IR Year 2029 | E71: =L71 -> 2.0631681 | F71: =F70 -> 0.027 | J71: =(RB/d)*(g+F71*(1+g)) -> 0.61958996 | K71: =K70*((1+g)*(1+F70)) -> 1.7159221 | L71: =1+J71*K71 -> 2.0631681
C72: Price Cap IR Year 2030 | E72: =L72 -> 2.1049048 | F72: =F71 -> 0.027 | J72: =(RB/d)*(g+F72*(1+g)) -> 0.61958996 | K72: =K71*((1+g)*(1+F71)) -> 1.7832839 | L72: =1+J72*K72 -> 2.1049048
C74: Threshold CAPEX
C75: =C54 -> Price Cap IR Year 2012 | E75: =IF(ISERROR(d*E54), "", d*E54) -> 6149615.3
C76: =C55 -> Price Cap IR Year 2013 | E76: =IF(ISERROR(d*E55), "", d*E55) -> 6563820.7
C77: =C56 -> Price Cap IR Year 2014 | E77: =IF(ISERROR(d*E56), "", d*E56) -> 6859563.3
C78: =C57 -> Price Cap IR Year 2015 | E78: =IF(ISERROR(d*E57), "", d*E57) -> 6831399.3
C79: =C58 -> Price Cap IR Year 2016 | E79: =IF(ISERROR(d*E58), "", d*E58) -> 7302152.6
C80: =C59 -> Price Cap IR Year 2017 | E80: =IF(ISERROR(d*E59), "", d*E59) -> 7204588.3
C81: =C60 -> Price Cap IR Year 2018 | E81: =IF(ISERROR(d*E60), "", d*E60) -> 6382956.8
C82: =C61 -> Price Cap IR Year 2019 | E82: =IF(ISERROR(d*E61), "", d*E61) -> 6683025.2
C83: =C62 -> Price Cap IR Year 2020 | E83: =IF(ISERROR(d*E62), "", d*E62) -> 7184786.5
C84: =C63 -> Price Cap IR Year 2021 | E84: =IF(ISERROR(d*E63), "", d*E63) -> 7436702.9
C85: =C64 -> Price Cap IR Year 2022 | E85: =IF(ISERROR(d*E64), "", d*E64) -> 8583459.7
C86: =C65 -> Price Cap IR Year 2023 | E86: =IF(ISERROR(d*E65), "", d*E65) -> 9441331
... C93: =C72 -> Price Cap IR Year 2030 | E93: =IF(ISERROR(d*E72), "", d*E72) -> 10104899
B95: Note 1: | C95: The growth factor g is annualized, depending on the number of years between the numerator and denominator for the calculation. Typically, for ACM review in a cost of service and in the fourth year of Price Cap IR, the ratio is divided by 2 to annualize it. No division is normally required for the first three years under Price Cap IR.

Sheet VRZ ICM Threshold Actual PC2025
H2: NOTES and SOURCES
H3: 1. Basis for Growth Factor for VRZ is the 2025 OEB ACM/ICM Excel Workbook.
H4: 2. VRZ ICM Threshold Actual PC2025 Worksheet is extracted from 2025 OEB ACM/ICM Excel Workbook for VRZ Rate Zone. (i.e. Tab 8 Threshold Test)
A8: No Input Required.
C9: Final Materiality Threshold Calculation
C13: Cost of Service Rebasing Year | E13: 2014
C14: Price Cap IR Year in which Application is made | E14: =2025-E13 -> 11
C16: Price Cap Index | E16: N/A
C17: Growth Factor Calculation
C18: ='[4]1. Information Sheet'!F48 -> Revenues Based on 2023 Actual Distribution Demand | E18: ='[4]4. Growth Factor - NUM_CALC2'!N26 -> 62787551
C19: ='[4]1. Information Sheet'!F49 -> Revenues Based on 2014 Board-Approved Distribution Demand | E19: ='[4]6. Growth Factor - DEN_CALC'!N26 -> 59991237
C20: Growth Factor | E20: =((E18/E19)-1)/9 -> 0.0051791155
C21: Dead Band | E21: 0.1
C22: Average Net Fixed Assets
C23: Gross Fixed Assets Opening | E23: 404954146
C24: Add: CWIP Opening | E24: $ -
C25: Capital Additions | E25: 25483259
C26: Capital Disposals | E26: $ -
C27: Capital Retirements | E27: $ -
C28: Deduct: CWIP Closing | E28: $ -
C29: Gross Fixed Assets - Closing | E29: 430437405
C31: Average Gross Fixed Assets | E31: =(E23+E29)/2 -> 4.1769578e+08
C33: Accumulated Depreciation - Opening | E33: 216999685
C34: Depreciation Expense | E34: 11232271
C35: Disposals | E35: $ -
C36: Retirements | E36: $ -
C37: Accumulated Depreciation - Closing | E37: 228231956
C39: Average Accumulated Depreciation | E39: =(E33+E37)/2 -> 2.2261582e+08
C41: Average Net Fixed Assets | E41: =E31-E39 -> 195079955
C44: Working Capital Allowance
C45: Working Capital Allowance Base | E45: 321090472
C46: Working Capital Allowance Rate | E46: 0.134
C47: Working Capital Allowance | E47: =E45*E46 -> 43026123
C49: Rate Base | E49: =E41+E47 -> 2.3810608e+08 | L49: Threshold Value (%) = 1 +(A * B) + 10%
C51: Depreciation | E51: =E34 -> 11232271
C53: Threshold Value (varies by Price Cap IR Year subsequent to CoS rebasing) | F53: Actual Annual Price Cap Index | J53: A | K53: B | L53: No-Dead Band Threshold Value (%) = 1 + (A*B)
C54: Price Cap IR Year 2015 | E54: =L54 -> 1.3867953 | F54: 0.013 | J54: =(RB/d)*(g+F54*(1+g)) -> 0.38679526 | K54: 1 | L54: =1+J54*K54 -> 1.3867953
C55: Price Cap IR Year 2016 | E55: =L55 -> 1.5023378 | F55: 0.018 | H55: Geometric Mean (2015 to 2026) | J55: =(RB/d)*(g+F55*(1+g)) -> 0.49333617 | K55: =K54*((1+g)*(1+F54)) -> 1.0182464 | L55: =1+J55*K55 -> 1.5023378
C56: Price Cap IR Year 2017 | E56: =L56 -> 1.4696245 | F56: 0.016 | J56: =(RB/d)*(g+F56*(1+g)) -> 0.4507198 | K56: =K55*((1+g)*(1+F55)) -> 1.0419434 | L56: =1+J56*K56 -> 1.4696245
C57: Price Cap IR Year 2018 | E57: =L57 -> 1.3208919 | F57: 0.009 | H57: =GEOMEAN(F54:F64) -> 0.019937129 | J57: =(RB/d)*(g+F57*(1+g)) -> 0.30156254 | K57: =K56*((1+g)*(1+F56)) -> 1.0640972 | L57: =1+J57*K57 -> 1.3208919
C58: Price Cap IR Year 2019 | E58: =L58 -> 1.3944464 | F58: 0.012 | J58: =(RB/d)*(g+F58*(1+g)) -> 0.36548708 | K58: =K57*((1+g)*(1+F57)) -> 1.0792348 | L58: =1+J58*K58 -> 1.3944464
C59: Price Cap IR Year 2020 | E59: =L59 -> 1.5182122 | F59: 0.017 | J59: =(RB/d)*(g+F59*(1+g)) -> 0.47202798 | K59: =K58*((1+g)*(1+F58)) -> 1.0978421 | L59: =1+J59*K59 -> 1.5182122
C60: Price Cap IR Year 2021 | E60: =L60 -> 1.5775792 | F60: 0.019 | J60: =(RB/d)*(g+F60*(1+g)) -> 0.51464435 | K60: =K59*((1+g)*(1+F59)) -> 1.122288 | L60: =1+J60*K60 -> 1.5775792
C61: Price Cap IR Year 2022 | E61: =L61 -> 1.8610407 | F61: 0.03 | J61: =(RB/d)*(g+F61*(1+g)) -> 0.74903433 | K61: =K60*((1+g)*(1+F60)) -> 1.1495343 | L61: =1+J61*K61 -> 1.8610407
C62: Price Cap IR Year 2023 | E62: =L62 -> 1.992905 | F62: 0.034 | J62: =(RB/d)*(g+F62*(1+g)) -> 0.83426705 | K62: =K61*((1+g)*(1+F61)) -> 1.1901525 | L62: =1+J62*K62 -> 1.992905
C63: Price Cap IR Year 2024 | E63: =L63 -> 2.3219194 | F63: 0.045 | J63: =(RB/d)*(g+F63*(1+g)) -> 1.068657 | K63: =K62*((1+g)*(1+F62)) -> 1.2369912 | L63: =1+J63*K63 -> 2.3219194
C64: Price Cap IR Year 2025 | E64: =L64 -> 2.0563186 | F64: 0.033 | J64: =(RB/d)*(g+F64*(1+g)) -> 0.81295887 | K64: =K63*((1+g)*(1+F63)) -> 1.2993506 | L64: =1+J64*K64 -> 2.0563186
C65: Price Cap IR Year 2026 | E65: =L65 -> 1.924337 | F65: 0.027 | J65: =(RB/d)*(g+F65*(1+g)) -> 0.68510979 | K65: =K64*((1+g)*(1+F64)) -> 1.3491808 | L65: =1+J65*K65 -> 1.924337
C66: Price Cap IR Year 2027 | E66: =L66 -> 1.9542106 | F66: =F65 -> 0.027 | J66: =(RB/d)*(g+F66*(1+g)) -> 0.68510979 | K66: =K65*((1+g)*(1+F65)) -> 1.3927849 | L66: =1+J66*K66 -> 1.9542106
C67: Price Cap IR Year 2028 | E67: =L67 -> 1.9850496 | F67: =F66 -> 0.027 | J67: =(RB/d)*(g+F67*(1+g)) -> 0.68510979 | K67: =K66*((1+g)*(1+F66)) -> 1.4377982 | L67: =1+J67*K67 -> 1.9850496
C68: Price Cap IR Year 2029 | E68: =L68 -> 2.0168854 | F68: =F67 -> 0.027 | J68: =(RB/d)*(g+F68*(1+g)) -> 0.68510979 | K68: =K67*((1+g)*(1+F67)) -> 1.4842664 | L68: =1+J68*K68 -> 2.0168854
C69: Price Cap IR Year 2030 | E69: =L69 -> 2.0497501 | F69: =F68 -> 0.027 | J69: =(RB/d)*(g+F69*(1+g)) -> 0.68510979 | K69: =K68*((1+g)*(1+F68)) -> 1.5322363 | L69: =1+J69*K69 -> 2.0497501
C71: Threshold CAPEX
C72: =C54 -> Price Cap IR Year 2015 | E72: =IF(ISERROR(d*E54), "", d*E54) -> 15576860
C73: =C55 -> Price Cap IR Year 2016 | E73: =IF(ISERROR(d*E55), "", d*E55) -> 16874665
C74: =C56 -> Price Cap IR Year 2017 | E74: =IF(ISERROR(d*E56), "", d*E56) -> 16507221
C75: =C57 -> Price Cap IR Year 2018 | E75: =IF(ISERROR(d*E57), "", d*E57) -> 14836615
C76: =C58 -> Price Cap IR Year 2019 | E76: =IF(ISERROR(d*E58), "", d*E58) -> 15662799
C77: =C59 -> Price Cap IR Year 2020 | E77: =IF(ISERROR(d*E59), "", d*E59) -> 17052971
C78: =C60 -> Price Cap IR Year 2021 | E78: =IF(ISERROR(d*E60), "", d*E60) -> 17719797
C79: =C61 -> Price Cap IR Year 2022 | E79: =IF(ISERROR(d*E61), "", d*E61) -> 20903713
C80: =C62 -> Price Cap IR Year 2023 | E80: =IF(ISERROR(d*E62), "", d*E62) -> 22384850
C81: =C63 -> Price Cap IR Year 2024 | E81: =IF(ISERROR(d*E63), "", d*E63) -> 26080428
C82: =C64 -> Price Cap IR Year 2025 | E82: =IF(ISERROR(d*E64), "", d*E64) -> 23097128
C83: =C65 -> Price Cap IR Year 2026 | E83: =IF(ISERROR(d*E65), "", d*E65) -> 21614674
... C87: =C69 -> Price Cap IR Year 2030 | E87: =IF(ISERROR(d*E69), "", d*E69) -> 23023348
B89: Note 1: | C89: The growth factor g is annualized, depending on the number of years between the numerator and denominator for the calculation. Typically, for ACM review in a cost of service and in the fourth year of Price Cap IR, the ratio is divided by 2 to annualize it. No division is normally required for the first three years under Price Cap IR.
